[Event "Team 45 45 League T33"]
[Site "Internet Chess Club"]
[Date "2007.06.19"]
[Round "9"]
[White "mitus"]
[Black "cascarillo"]
[Result "1/2-1/2"]
[WhiteElo "1893"]
[BlackElo "2038"]
[Opening "Sicilian, Chekhover variation"]
[ECO "B53"]
[Time "16:02:36"]
[TimeControl "2700+45"]

1. e4 c5 2. Nf3 d6 3. d4 cxd4 4. Qxd4 Nc6 5. Bb5 Bd7 6. Bxc6 Bxc6 7. Nc3 Nf6 8.
Bg5 e6 9. O-O-O Be7 10. Rhe1 h6 11. Bh4 O-O 12. Bg3 e5 13. Qe3 Qa5 14. Kb1 Rfd8
15. Nh4 Bd7 16. Nf5 Bxf5 17. exf5 Rac8 18. f4 e4 19. Nxe4 d5 20. Nxf6+ Bxf6 21.
Qb3 Rc5 22. a4 Rc4 23. Qb5 Qxa4 24. Qxa4 Rxa4 25. Rd3 Rb4 26. c3 Rb5 27. Bf2 Kf8
28. Bd4 Bxd4 29. Rxd4 Re8 30. Re5 f6 31. Rexd5 Rb6 32. Rd8 Rxd8 33. Rxd8+ Ke7
34. Rd5 Rc6 35. Kc2 Rc4 36. g3 Re4 37. Kd3 Re1 38. Rd4 Rb1 39. Re4+ Kd6 40. Rd4+
Kc6 41. Kc2 Rh1 42. Rd2 Re1 43. Kd3 Kd5 44. b4 b5 45. Ra2 Re7 46. Ra5 Kc6 47.
Ra6+ Kd5 48. Ra5 Kc6 49. Ra6+ Kd5 50. Ra5 {Game drawn by repetition} 1/2-1/2

[Event "Team 45 45 League T33"]
[Site "Internet Chess Club"]
[Date "2007.06.16"]
[Round "9"]
[White "Amauta"]
[Black "mambomex"]
[Result "1-0"]
[WhiteElo "1972"]
[BlackElo "1811"]
[Opening "Four knights: Italian variation"]
[ECO "C55"]
[Time "23:06:21"]
[TimeControl "2700+45"]

1. e4 e5 2. Nf3 Nc6 3. Bc4 Nf6 4. Nc3 Nxe4 5. Nxe4 d5 6. Bd3 dxe4 7. Bxe4 Bd6 8.
Bxc6+ bxc6 9. Qe2 O-O 10. O-O Rb8 11. b3 Re8 12. Bb2 Bg4 13. h3 Bh5 14. Qe3 e4
15. Qc3 f6 16. Nd4 Bb4 17. Qxc6 Bxd2 18. Qc5 Re5 19. Qc4+ Qd5 20. Qxc7 Rb7 21.
Qc6 Qxc6 22. Nxc6 Rc5 23. Nd4 e3 24. g4 Bg6 25. c4 exf2+ 26. Kxf2 Re7 27. Rad1
Be3+ 28. Kg3 Rc8 29. Nf5 Bxf5 30. Rxf5 Bb6 31. Rd2 Rc5 32. Rxc5 Bxc5 33. Bd4 Bb4
34. Rc2 Kf7 35. Kf3 Rc7 36. a3 Bxa3 37. Ra2 Bb4 38. Rxa7 Rxa7 39. Bxa7 Ke6 40.
Bd4 g6 41. Ke4 f5+ 42. gxf5+ gxf5+ 43. Kf3 Kd7 44. Kf4 Ke6 45. Be3 Be1 46. Bc5
Bd2+ 47. Kf3 Bc1 48. b4 Ba3 49. Kf4 h6 50. Ke3 Bc1+ 51. Kf3 Ba3 52. Ke2 Ke5 53.
Ke3 Ke6 54. Kd3 h5 55. Kc3 Bc1 56. b5 Bf4 57. Bf2 Kd6 58. c5+ Kd5 59. c6 Bc7 60.
Kd3 Bh2 61. Bb6 Ke6 62. Kc4 f4 63. Kd3 f3 64. Ke4 Bc7 65. Bf2 Ba5 66. Kxf3 Kd6
67. Bg3+ Ke7 68. Ke4 Ke6 69. c7 Kd7 70. h4 Bd2 71. Kf5 Kc8 72. Kg6 Bc3 73. Kxh5
Ba5 74. Kg6 Bc3 75. h5 {Black resigns} 1-0

[Event "Team 45 45 League T33"]
[Site "Internet Chess Club"]
[Date "2007.06.14"]
[Round "9"]
[White "BrerRabbit"]
[Black "fantanaranja"]
[Result "0-1"]
[WhiteElo "1566"]
[BlackElo "1725"]
[ECO "D12"]
[TimeControl "2700+45"]

1. d4 Nf6 2. c4 d5 3. Nf3 c6 4. e3 Bf5 5. cxd5 cxd5 6. Qb3 Qc7 7. Bd2 a6 8. Nc3
e6 9. Be2 Nc6 10. O-O Bd6 11. Rac1 O-O 12. Na4 Ne4 13. Rfd1 Nxd2 14. Rxd2 b5 15.
Nc5 Na5 16. Qc3 Nc4 17. Rdd1 Qe7 18. b3 Nb6 19. Bd3 Bg4 20. Be2 Rfe8 21. h3 Bxf3
22. Bxf3 Nd7 23. Nxd7 Qxd7 24. Qc6 Qe7 25. Qc3 a5 26. a4 bxa4 27. bxa4 Qf6 28.
Be2 Red8 29. f4 g5 30. g3 gxf4 31. gxf4 Qh4 32. Kg2 Kh8 33. Qe1 Rg8+ 34. Kh2
Bxf4+ 35. exf4 Qxf4+ 36. Kh1 Qe4+ 37. Kh2 Qg2# {White checkmated} 0-1

[Event "Team 45 45 League T33"]
[Site "Internet Chess Club"]
[Date "2007.06.17"]
[Round "9"]
[White "Thestorm"]
[Black "StrayLite"]
[Result "1/2-1/2"]
[WhiteElo "2115"]
[BlackElo "1967"]
[Opening "Sicilian: accelerated fianchetto, Maróczy bind"]
[ECO "B36"]
[Time "18:07:57"]
[TimeControl "2700+45"]

1. e4 c5 2. Nf3 g6 3. d4 cxd4 4. Nxd4 Nc6 5. c4 Nf6 6. Nc3 d6 7. Be2 Nxd4 8.
Qxd4 Bg7 9. Be3 O-O 10. Qd2 Be6 11. Rc1 Qa5 12. f3 Rfc8 13. b3 a6 14. Na4 Qxd2+
15. Kxd2 Nd7 16. g4 f5 17. exf5 gxf5 18. h3 Rf8 19. f4 Rad8 20. Nc3 Nc5 21. b4
Bxc3+ 22. Kxc3 Ne4+ 23. Kd4 Ng3 24. Rhe1 Nxe2+ 25. Rxe2 fxg4 26. Bd2 Bc8 27.
Rxe7 Rd7 28. Rxd7 Bxd7 29. hxg4 Bxg4 30. a4 Kf7 31. Rh1 h5 32. a5 Ke6 33. Re1+
Kd7 34. Rg1 Re8 35. Rh1 Rh8 36. Rh4 Rh7 37. Be3 Bf3 38. Bf2 Kc6 39. Rh3 Bg4 40.
Rh1 Bf3 41. Rf1 Bg2 42. Rg1 Rg7 43. f5 Rg4+ 44. Ke3 d5 45. f6 Kd7 46. cxd5 Bxd5
47. Rxg4 hxg4 48. Kd4 Bb3 49. Ke5 Ke8 50. Kf4 Bd1 51. Bc5 Kf7 52. Bd4 Ke6 53.
Kg5 Kf7 54. Be5 Bf3 55. Kf4 Bd1 56. Kf5 Bf3 {Game drawn by mutual agreement}
1/2-1/2

[Event "Team 45 45 League T33"]
[Site "Internet Chess Club"]
[Date "2007.06.18"]
[Round "9"]
[White "quotha"]
[Black "michaelus"]
[Result "0-1"]
[WhiteElo "1582"]
[BlackElo "1776"]
[Opening "Sicilian defense"]
[ECO "B30"]
[Time "15:31:41"]
[TimeControl "2700+45"]

1. e4 c5 2. Nf3 Nc6 3. b3 e5 4. Bb2 d6 5. Nc3 g6 6. Bc4 Bg7 7. O-O Nge7 8. Nd5
O-O 9. Re1 Kh8 10. Rb1 f5 11. g3 fxe4 12. Nh4 Nxd5 13. Bxd5 Qf6 14. Rf1 Bh3 15.
Ng2 Qf3 16. Nh4 Qf6 17. Ng2 Nd4 18. Bxe4 Rab8 19. c3 Nf3+ 20. Bxf3 Qxf3 21. Qxf3
Rxf3 22. Rbe1 d5 23. Re3 e4 24. Rfe1 Rbf8 25. R3e2 g5 26. Ne3 d4 27. cxd4 cxd4
28. Nd1 Bf5 29. Kg2 Bg6 30. h3 Kg8 31. Ba3 Rc8 32. Bb2 Rd3 33. Ba3 Rc2 34. Nb2
Rdxd2 35. Rxd2 Rxd2 36. Rd1 Rc2 37. Kf1 d3 38. Nc4 Rxa2 39. Bc5 b6 40. Be3 h6
41. Rd2 Ra1+ 42. Kg2 Bh5 43. g4 Bf7 44. f4 exf3+ 45. Kxf3 Bxc4 46. bxc4 Ra3 47.
Ke4 Rc3 48. Rxd3 Rxc4+ 49. Kd5 Rc3 50. Rxc3 Bxc3 51. Kc4 Be1 52. Kb5 a5 53. Bxb6
Kf7 54. Bd4 Bd2 55. Bb2 Kg6 56. Be5 h5 57. Kc5 hxg4 58. hxg4 Kf7 59. Kd5 a4 60.
Bb2 Bb4 61. Ke5 a3 62. Ba1 Kg6 63. Ke6 Bf8 {White resigns} 0-1

[Event "Team 45 45 League T33"]
[Site "Internet Chess Club"]
[Date "2007.06.15"]
[Round "9"]
[White "nursey"]
[Black "joshtournman"]
[Result "1/2-1/2"]
[WhiteElo "1718"]
[BlackElo "1445"]
[Opening "Ruy Lopez: Caro variation"]
[ECO "C70"]
[Time "18:25:35"]
[TimeControl "2700+45"]

1. e4 e5 2. Nf3 Nc6 3. Bb5 a6 4. Ba4 b5 5. Bb3 Be7 6. O-O d6 7. a4 Bb7 8. d3 h6
9. Be3 Nf6 10. axb5 axb5 11. Rxa8 Bxa8 12. Nc3 b4 13. Nd5 Nxd5 14. Bxd5 Na5 15.
Bxa8 Qxa8 16. Qd2 c5 17. Ra1 Qd8 18. Ra2 O-O 19. c3 Nc6 20. cxb4 Nxb4 21. Ra4
Qd7 22. b3 Rb8 23. h3 Qb5 24. Ra7 Bf6 25. Ne1 Nc6 26. Ra3 Nd4 27. Bxd4 cxd4 28.
f4 Qb4 29. Qxb4 Rxb4 30. Nc2 Rb6 31. g3 g5 32. f5 Be7 33. Ra7 Kf8 34. b4 d5 35.
f6 Rxf6 36. exd5 Rb6 37. Kf2 Bxb4 38. Nxb4 Rxb4 39. d6 Ke8 40. Re7+ Kd8 41. Rxf7
Rb6 42. d7 Rd6 43. Rh7 Rxd7 44. Rxh6 Rc7 45. h4 gxh4 46. Rh8+ Kd7 47. gxh4 Ke6
48. h5 Kf6 49. h6 Kg6 50. Kf3 Rc1 51. Ke4 Re1+ 52. Kd5 Re3 53. Kc4 e4 54. Kxd4
Rxd3+ 55. Kxe4 Rh3 56. h7 Rxh7 {Game drawn by mutual agreement} 1/2-1/2

[Event "Team 45 45 League T33"]
[Site "Internet Chess Club"]
[Date "2007.06.16"]
[Round "9"]
[White "searchforbobby1"]
[Black "valipop"]
[Result "1/2-1/2"]
[WhiteElo "2137"]
[BlackElo "2108"]
[Opening "Sicilian defense"]
[ECO "B33"]
[Time "13:14:26"]
[TimeControl "2700+45"]

1. e4 c5 2. Nf3 Nc6 3. d4 cxd4 4. Nxd4 Nf6 5. Nc3 g6 6. Nxc6 bxc6 7. e5 Ng8 8.
Bc4 Bg7 9. Qf3 f5 10. Bf4 e6 11. O-O-O Qc7 12. Qg3 Nh6 13. h4 Nf7 14. Rhe1 Rb8
15. b3 Qa5 16. a4 d6 17. exd6 Bxc3 18. d7+ Bxd7 19. Bxe6 O-O 20. Rxd7 Bxe1 21.
Bxb8 Qb4 22. Qc7 Qxb8 23. Bxf7+ Kh8 24. Qxb8 Rxb8 25. f3 a5 26. h5 gxh5 27. Bxh5
Rg8 28. Re7 Bb4 29. Re8 Rxe8 30. Bxe8 c5 31. Kd1 Kg7 32. Ke2 Kf6 33. Kd3 Ke7 34.
Bc6 Kd6 35. Bb7 Be1 36. Bc8 f4 37. Ke4 Bd2 38. Ba6 Be3 39. Bc4 Bd2 40. Kf5 Be3
41. Bg8 h6 42. Kg6 Ke5 43. Kxh6 Kf6 44. Kh5 Bf2 45. Kg4 Bg3 46. Bc4 Bh2 47. Kh5
Bg3 48. Kh6 Ke5 49. Kg6 Kd4 50. Kf6 Bh4+ 51. Ke6 Be1 52. Kd6 Bd2 53. Be6 Be1 54.
Bf5 Bd2 55. Ke6 Be1 56. Be4 Bg3 57. Kf5 Bh2 58. Bd3 Bg3 59. Ke6 Bf2 60. Be4 Be1
61. Bh7 Bf2 62. Kd6 Be1 63. Kc6 Bd2 64. Kb5 Bb4 65. Kc6 Bd2 66. Kd6 Be1 67. Ke6
Bg3 68. Bg6 Bf2 69. Kf5 Bg3 70. Kg4 Bh2 71. Bh7 Bg3 72. Kh3 Kc3 73. Bd3 Kd4 74.
Kg4 Bh2 75. Kf5 Bg3 76. Be4 Bh2 77. Ke6 Bg3 78. Bh7 Bf2 79. Bg8 Bg3 80. Kf5 Bh2
81. c3+ Kxc3 82. Ke4 Bg3 83. Bf7 Bh2 84. Bc4 Bg3 85. Kd5 Bf2 86. Kc6 Kd4 {Game
drawn by mutual agreement} 1/2-1/2

[Event "Team 45 45 League T33"]
[Site "Internet Chess Club"]
[Date "2007.06.16"]
[Round "9"]
[White "Terte"]
[Black "Burning-Bush"]
[Result "1/2-1/2"]
[WhiteElo "1927"]
[BlackElo "2071"]
[Opening "Sicilian: Alapin's variation (2.c3)"]
[ECO "B22"]
[Time "14:59:46"]
[TimeControl "2700+45"]

1. e4 c5 2. c3 d5 3. exd5 Qxd5 4. d4 Nf6 5. Nf3 Bg4 6. Be2 e6 7. O-O Nc6 8. Re1
Be7 9. h3 Bh5 10. Na3 O-O 11. Nc2 Rfd8 12. Bf4 cxd4 13. Nfxd4 Bxe2 14. Qxe2 Bd6
15. Nxc6 Qxc6 16. Nd4 Qc5 17. Bxd6 Rxd6 18. Rad1 Rad8 19. Nb3 Qb6 20. c4 Qb4 21.
Rxd6 Rxd6 22. Rd1 g6 23. Rxd6 Qxd6 24. c5 Qd5 25. Qd2 Qf5 26. a3 Ne4 27. Qe3 Qd5
28. f3 Ng3 29. Kf2 Nf5 30. Qc3 Qd8 31. Qe5 Qh4+ 32. Kg1 Qd8 33. Kf2 h5 34. Nc1
Qd2+ 35. Ne2 h4 36. Qb8+ Kg7 37. Qe5+ Kh7 38. Qf6 Kg8 39. Qc3 Qd5 40. b4 e5 41.
b5 e4 42. fxe4 Qxe4 43. c6 bxc6 44. bxc6 Nd6 45. c7 Qe6 46. Qe3 Qf5+ 47. Ke1
Qb1+ 48. Kf2 Qf5+ 49. Ke1 {Game drawn by mutual agreement} 1/2-1/2

[Event "Team 45 45 League T33"]
[Site "Internet Chess Club"]
[Date "2007.06.17"]
[Round "9"]
[White "spacecadet"]
[Black "andreip"]
[Result "1/2-1/2"]
[WhiteElo "1985"]
[BlackElo "2018"]
[Opening "Caro-Kann: classical, 6.h4"]
[ECO "B19"]
[Time "15:08:16"]
[TimeControl "2700+45"]

1. e4 c6 2. d4 d5 3. Nc3 dxe4 4. Nxe4 Bf5 5. Ng3 Bg6 6. h4 h6 7. Nf3 e6 8. Bd3
Bxd3 9. Qxd3 Nf6 10. Bf4 Bd6 11. Bxd6 Qxd6 12. Qe2 Nbd7 13. Nf5 Qf8 14. O-O
O-O-O 15. Ne3 g5 16. b4 gxh4 17. b5 c5 18. dxc5 Qxc5 19. Rfd1 h3 20. g3 Kb8 21.
Nc4 Nd5 22. Na5 Nc3 23. Qe1 Nxd1 24. Rxd1 Rhg8 25. c4 Rxg3+ 26. Kh1 Rg4 27. Ne5
Nxe5 28. Rxd8+ Kc7 29. Nb3 Nf3 30. Qd1 Qe5 31. Rd7+ Kc8 32. Rd8+ Kc7 33. Rd7+
Kb6 34. Rxb7+ Kxb7 35. Qd7+ Ka8 36. Qe8+ Qb8 37. Qc6+ Qb7 38. Qe8+ {Game drawn
by mutual agreement} 1/2-1/2

[Event "Team 45 45 League T33"]
[Site "Internet Chess Club"]
[Date "2007.06.18"]
[Round "9"]
[White "ivanson"]
[Black "PublisherKing"]
[Result "0-1"]
[WhiteElo "1870"]
[BlackElo "1863"]
[Opening "Caro-Kann defense"]
[ECO "B12"]
[Time "14:07:54"]
[TimeControl "2700+45"]

1. e4 c6 2. d4 d6 3. Nc3 Qc7 4. Be3 e5 5. Qd2 Nf6 6. f3 b5 7. g4 b4 8. Na4 h6 9.
b3 Be7 10. h4 exd4 11. Bxd4 d5 12. e5 Nfd7 13. f4 c5 14. Bf2 Nxe5 15. Bxc5 Bxc5
16. Nxc5 Qxc5 17. fxe5 Bxg4 18. Nh3 Nc6 19. Nf2 Bf3 20. Rh3 Nxe5 21. Be2 Bxe2
22. Qxe2 O-O 23. O-O-O Rfe8 24. Re3 Rac8 25. Kb1 Qc6 26. Rd2 Ng6 27. Nd3 Rxe3
28. Qxe3 a5 29. Qd4 Re8 30. Nc5 Nxh4 31. Qxd5 Qxd5 32. Rxd5 g5 33. Nd3 f5 34.
Rxa5 Re4 35. Ra6 g4 36. Rxh6 g3 37. Rh5 g2 38. Rg5+ Kf8 39. Nc5 Re1+ 40. Kb2
g1=Q 41. Ne6+ Ke7 {White resigns} 0-1

[Event "Team 45 45 League T33"]
[Site "Internet Chess Club"]
[Date "2007.06.16"]
[Round "9"]
[White "jonesey"]
[Black "SpikeyJ"]
[Result "0-1"]
[WhiteElo "1978"]
[BlackElo "2205"]
[Opening "Pirc defense"]
[ECO "B07"]
[Time "07:06:28"]
[TimeControl "2700+45"]

1. e4 d6 2. d4 Nf6 3. f3 g6 4. Be3 Bg7 5. Qc1 O-O 6. Bh6 c5 7. h4 cxd4 8. h5
Qa5+ 9. c3 Nxh5 10. g4 Bxh6 11. Qxh6 Nf6 12. Ne2 Nc6 13. Nd2 dxc3 14. bxc3 Ne5
15. Qe3 Be6 16. Ng3 Rac8 17. Qh6 Nxf3+ 18. Nxf3 Qxc3+ 19. Ke2 Bc4+ {White
resigns} 0-1

[Event "Team 45 45 League T33"]
[Site "Internet Chess Club"]
[Date "2007.06.14"]
[Round "9"]
[White "Warpdrive"]
[Black "Grenadier"]
[Result "1-0"]
[WhiteElo "1650"]
[BlackElo "1782"]
[ECO "B12"]
[TimeControl "2700+45"]

1. e4 c6 2. d4 d5 3. e5 Bf5 4. g4 Bg6 5. h4 h6 6. h5 Bh7 7. Bd3 Bxd3 8. Qxd3 e6
9. Nc3 Be7 10. Be3 Bg5 11. Qd2 Bxe3 12. Qxe3 Nd7 13. f4 Qb6 14. O-O-O Ne7 15.
Nge2 O-O-O 16. Kb1 Kb8 17. Na4 Qb5 18. Nec3 Qa5 19. a3 Rc8 20. Nc5 Rhd8 21. Nb3
Qc7 22. Qd3 a6 23. Na4 f6 24. Nbc5 Nf8 25. Qb3 Ka7 26. exf6 gxf6 27. Qe3 Rd6 28.
Qe2 Rb8 29. Rh3 Re8 30. Rb3 b5 31. Nc3 Nc8 32. Nxa6 Kxa6 33. Nxb5 cxb5 34. Qxb5+
Ka7 35. Qa4+ Ra6 36. Qxe8 Nd7 37. Rc3 Rc6 38. Rxc6 Qxc6 39. Rd3 Ncb6 40. g5 fxg5
41. fxg5 hxg5 42. h6 Qc7 43. Qxe6 Nc4 44. Qxd5 Ndb6 45. Qc5 Qh2 46. Qxg5 Ka6 47.
Qg6 Ka5 48. h7 Qe2 49. h8=Q Nd2+ 50. Ka2 Qd1 51. b4+ Ka4 52. Qc6# {Black
checkmated} 1-0

[Event "Team 45 45 League T33"]
[Site "Internet Chess Club"]
[Date "2007.06.19"]
[Round "9"]
[White "fredd"]
[Black "CoronelCintra"]
[Result "0-1"]
[WhiteElo "1573"]
[BlackElo "1936"]
[Opening "Queen's gambit accepted"]
[ECO "D20"]
[Time "17:31:45"]
[TimeControl "2700+45"]

1. d4 d5 2. c4 dxc4 3. e3 e5 4. Bxc4 exd4 5. exd4 Bd6 6. Nf3 Nf6 7. O-O O-O 8.
Nc3 Nc6 9. Bg5 h6 10. Bh4 Bg4 11. Nd5 g5 12. Bg3 Nxd5 13. Bxd5 Bxg3 14. Bxc6
Bxh2+ 15. Kxh2 Qd6+ 16. Kg1 Qxc6 17. Rc1 Bxf3 18. Qxf3 Qxf3 19. gxf3 Rac8 20.
Kg2 Rfd8 21. Rfd1 Kg7 22. Kg3 f5 23. f4 Rd7 24. Rc5 Kg6 25. Re5 Rcd8 26. d5 Rf8
27. d6 cxd6 28. Re6+ Rf6 29. Rxf6+ Kxf6 30. Rh1 Kg6 31. fxg5 hxg5 32. f4 g4 33.
Rh8 d5 34. Rg8+ Kf7 35. Rh8 d4 36. Kh4 d3 37. Kg5 d2 38. Rh1 d1=Q 39. Rh7+ Kg8
40. Rh6 Rg7+ 41. Kxf5 Qd5+ 42. Kf6 Rf7+ 43. Kg6 Qf5# {White checkmated} 0-1

[Event "Team 45 45 League T33"]
[Site "Internet Chess Club"]
[Date "2007.06.18"]
[Round "9"]
[White "DenisLewis"]
[Black "BrerRabbit"]
[Result "1/2-1/2"]
[WhiteElo "1576"]
[BlackElo "1567"]
[Opening "Nimzo-Indian: Leningrad variation"]
[ECO "E30"]
[Time "14:03:41"]
[TimeControl "2700+45"]

1. d4 Nf6 2. c4 e6 3. Nc3 Bb4 4. Bg5 c5 5. d5 d6 6. e3 Bxc3+ 7. bxc3 Qe7 8. Bd3
Nbd7 9. Nf3 h6 10. Bh4 O-O 11. O-O e5 12. Nd2 Qe8 13. Rb1 b6 14. a4 Nh7 15.
Bxh7+ Kxh7 16. Ne4 g5 17. Bxg5 hxg5 18. Qh5+ Kg7 19. Qxg5+ Kh7 20. Qh5+ {Game
drawn by mutual agreement} 1/2-1/2

[Event "Team 45 45 League T33"]
[Site "Internet Chess Club"]
[Date "2007.06.14"]
[Round "9"]
[White "AlPearson"]
[Black "Ghashgork"]
[Result "1-0"]
[WhiteElo "1535"]
[BlackElo "1665"]
[ECO "B01"]
[TimeControl "2700+45"]

1. e4 d5 2. exd5 Nf6 3. c4 c6 4. Nc3 cxd5 5. cxd5 Nxd5 6. Bc4 Nb6 7. Bb3 g6 8.
Qf3 e6 9. Nge2 Bg7 10. O-O O-O 11. Rd1 Nc6 12. d4 Qf6 13. Qf4 Rd8 14. d5 exd5
15. Nxd5 Nxd5 16. Rxd5 Re8 17. Kf1 Be6 18. Rd6 Qxf4 19. Nxf4 Bxb3 20. axb3 Be5
21. Rd7 Bxf4 22. Bxf4 Re4 23. Be3 Rb4 24. Rad1 Rxb3 25. Rc7 Ne5 26. Bf4 Nd3 27.
Be3 a6 28. Bd4 Rd8 29. Bc3 Rb5 30. Ke2 Rbd5 31. Rd2 Re8+ 32. Kd1 Nxf2+ 33. Kc2
Rxd2+ 34. Bxd2 b5 35. Ra7 Ne4 36. Bh6 f5 37. Rg7+ Kh8 38. Ra7 Nc5 39. Rc7 Ne4
40. Ra7 Rc8+ 41. Kb3 Nf2 42. Rxa6 Ng4 43. Bf4 Kg8 44. Rb6 Rd8 45. Rb8 Rxb8 46.
Bxb8 Kf7 47. Kb4 Ke7 48. Kxb5 Ne3 49. g3 g5 50. b4 g4 51. Kc6 Nf1 52. b5 Nxh2
53. b6 Nf3 54. b7 Nd4+ 55. Kd5 Kd7 56. Be5 Nc6 57. b8=Q Nxb8 58. Bxb8 Ke7 59.
Ke5 Kf7 60. Kxf5 Kg7 61. Kg5 Kf7 62. Bf4 Kg7 63. Kxg4 Kg6 64. Kh4 Kg7 65. Kh5
Kh8 66. Be5+ Kg8 67. Kh6 Kf7 68. Kxh7 Ke6 {Black resigns} 1-0

[Event "Team 45 45 League T33"]
[Site "Internet Chess Club"]
[Date "2007.06.17"]
[Round "9"]
[White "tryanything"]
[Black "Changuito-77"]
[Result "0-1"]
[WhiteElo "1652"]
[BlackElo "1804"]
[Opening "QGD: Tarrasch defense"]
[ECO "D32"]
[Time "18:59:21"]
[TimeControl "2700+45"]

1. d4 d5 2. c4 e6 3. Nc3 c5 4. e3 Nc6 5. Nf3 Nf6 6. cxd5 exd5 7. Be2 Be7 8. O-O
a6 9. dxc5 Bxc5 10. Nd4 O-O 11. Nxc6 bxc6 12. a3 a5 13. Qc2 Bd7 14. Rd1 Qe7 15.
h3 Rfe8 16. Qd3 Ba7 17. Kh2 Rad8 18. Bd2 Qe5+ 19. g3 c5 20. f4 Qe6 21. Bg4 Nxg4+
22. hxg4 Qxg4 23. Qxd5 Qh3+ 24. Kg1 Bg4 25. Qg2 Qh5 26. Re1 c4 27. Ne4 Bf3 28.
Qh2 Qxh2+ 29. Kxh2 Rxe4 30. Bxa5 Rde8 31. Rac1 Bg4 32. Rc3 f6 {White resigns}
0-1

[Event "Team 45 45 League T33"]
[Site "Internet Chess Club"]
[Date "2007.06.16"]
[Round "9"]
[White "GadsHill"]
[Black "FiendAngelical"]
[Result "1/2-1/2"]
[WhiteElo "1644"]
[BlackElo "1782"]
[Opening "King's Indian: Petrosian system"]
[ECO "E92"]
[Time "17:04:32"]
[TimeControl "2700+45"]

1. d4 Nf6 2. c4 g6 3. Nc3 Bg7 4. e4 d6 5. Nf3 O-O 6. Be2 e5 7. d5 Na6 8. Nd2 Ne8
9. O-O f5 10. exf5 gxf5 11. f4 c5 12. dxc6 bxc6 13. Nb3 e4 14. Be3 Nac7 15. Qd2
Qe7 16. Rab1 Be6 17. Na5 Qd7 18. Rfd1 d5 19. b4 Rd8 20. Nb7 Rb8 21. Nc5 Qe7 22.
Nxe6 Bxc3 23. Qxc3 Qxe6 24. a3 a6 25. Rbc1 Rf7 26. Bd4 Qh6 27. Be5 Rd8 28. cxd5
cxd5 29. a4 Qb6+ 30. Bd4 Qh6 31. Be5 Qb6+ 32. Bd4 Qh6 33. Be5 {Game drawn by
repetition} 1/2-1/2

[Event "Team 45 45 League T33"]
[Site "Internet Chess Club"]
[Date "2007.06.18"]
[Round "9"]
[White "Lazerpawn"]
[Black "Cantemir"]
[Result "1-0"]
[WhiteElo "1699"]
[BlackElo "1519"]
[Opening "King's pawn opening"]
[ECO "B07"]
[Time "19:05:18"]
[TimeControl "2700+45"]

1. e4 d6 2. f4 Nf6 3. Nc3 g6 4. Nf3 Bg4 5. Be2 Bg7 6. O-O O-O 7. d3 c5 8. Rb1
Nc6 9. a3 Bxf3 10. Bxf3 Nd4 11. Kh1 e5 12. Ne2 Rc8 13. c3 Nxf3 14. Rxf3 exf4 15.
Nxf4 g5 16. Ne2 h6 17. Ng3 Ng4 18. Nf5 Be5 19. h3 h5 20. Qe2 Nh2 21. Nh6+ Kg7
22. Nf5+ Kg6 23. Rf2 g4 24. Bf4 Bxf4 25. Rxf4 Qg5 26. g3 Nf3 27. h4 Qd8 28. Qe3
Rc7 29. Rxf3 gxf3 30. Qh6# {Black checkmated} 1-0

[Event "Team 45 45 League T33"]
[Site "Internet Chess Club"]
[Date "2007.06.15"]
[Round "9"]
[White "Russellovich"]
[Black "Chessadelic"]
[Result "0-1"]
[WhiteElo "1539"]
[BlackElo "1467"]
[ECO "B21"]
[TimeControl "2700+45"]

1. e4 c5 2. d4 cxd4 3. c3 dxc3 4. Nxc3 e6 5. Bc4 d6 6. Nf3 Be7 7. Bf4 e5 8. Bg3
Nf6 9. Qb3 O-O 10. O-O Nc6 11. Rfd1 Na5 12. Qa4 Bd7 13. Bb5 Nc6 14. Rac1 a6 15.
Bxc6 Bxc6 16. Qc2 Qb6 17. Nd2 Rac8 18. Nc4 Qc7 19. f3 b5 20. Ne3 Rfd8 21. Ncd5
Qb7 22. Qe2 Nxd5 23. Nxd5 Bxd5 24. Rxc8 Rxc8 25. exd5 Rc5 26. Qd3 a5 27. b3 f6
28. Qf5 Qc8 29. Qe4 Bd8 30. Rd2 Rc1+ 31. Kf2 Bb6+ 32. Ke2 f5 33. Qd3 Rc3 34.
Qxb5 Be3 35. Rd3 Rc5 36. Qa4 f4 37. Be1 Rc2+ 38. Bd2 Bxd2 39. Rxd2 Qa6+ 40. Kd1
Rc8 41. Rf2 Qd3+ 42. Rd2 Qf1# {White checkmated} 0-1

[Event "Team 45 45 League T33"]
[Site "Internet Chess Club"]
[Date "2007.06.15"]
[Round "9"]
[White "gessie7"]
[Black "schweppz"]
[Result "0-1"]
[WhiteElo "1401"]
[BlackElo "1461"]
[ECO "B01"]
[TimeControl "2700+45"]

1. e4 d5 2. exd5 Nf6 3. Nc3 Nxd5 4. Bc4 Nb6 5. b3 Bf5 6. d4 Nxc4 7. bxc4 e6 8.
Nf3 Be7 9. O-O O-O 10. Bb2 Nd7 11. Re1 c5 12. d5 Nb6 13. dxe6 Bxe6 14. Nd5 Nxc4
15. Nxe7+ Qxe7 16. Bc1 Qf6 17. Bg5 Qf5 18. Rb1 f6 19. Bh4 Rad8 20. Qe2 Bd5 21.
h3 Rfe8 22. Qd3 Qxd3 23. Rxe8+ Rxe8 24. cxd3 Nd6 25. Bg3 Nf5 26. Bh2 Re7 27. a4
Rd7 28. Nd2 Bc6 29. Ne4 c4 30. Nc5 Rd5 31. Nxb7 cxd3 32. Bf4 d2 33. Rd1 Bxb7 34.
Bxd2 Ba6 35. a5 Be2 36. Rc1 Rxd2 37. Rc8+ Kf7 38. Rc7+ Kg6 39. Rxa7 Rd1+ 40. Kh2
Rf1 41. a6 Rxf2 42. Rxg7+ Kxg7 43. a7 Bf3 44. Kg1 Rxg2+ 45. Kf1 Ba8 {White
resigns} 0-1

[Event "Team 45 45 League T33"]
[Site "Internet Chess Club"]
[Date "2007.06.17"]
[Round "9"]
[White "oldsj"]
[Black "Midwest-Rook"]
[Result "1/2-1/2"]
[WhiteElo "1450"]
[BlackElo "1262"]
[Opening "Sicilian defense"]
[ECO "B44"]
[Time "12:02:38"]
[TimeControl "2700+45"]

1. e4 c5 2. Nf3 e6 3. d4 cxd4 4. Nxd4 Nc6 5. c4 Nxd4 6. Qxd4 f5 7. exf5 exf5 8.
Qe5+ Ne7 9. Be2 Rg8 10. Bg5 d6 11. Qe3 h6 12. Bxe7 Bxe7 13. Nc3 Qb6 14. Qxb6
axb6 15. Nd5 Bd8 16. O-O Be6 17. Rfe1 Kd7 18. Bf3 g5 19. g3 h5 20. Bxh5 g4 21.
Nf4 Bxc4 22. b3 Bb5 23. Bf7 Rf8 24. Be6+ Kc7 25. Rac1+ Bc6 26. Bd5 Rxa2 27. Bxc6
bxc6 28. Ne6+ Kb7 29. Nxf8 Ra8 30. Ne6 Bf6 31. Ra1 Bxa1 32. Nf4 Be5 33. Kg2 Ra3
34. b4 Bxf4 35. Re7+ Ka6 36. gxf4 Rf3 37. Re6 Rxf4 38. Rxd6 Kb5 39. Rf6 c5 40.
bxc5 Kxc5 41. Rf8 b5 42. Rc8+ Kb4 43. Kf1 Re4 44. f3 Rf4 45. Rc1 Rxf3+ 46. Ke2
Rh3 47. Rh1 g3 48. Kf3 g2+ 49. Kxg2 Rh4 50. h3 Rc4 51. h4 Rc2+ 52. Kf3 Kc5 53.
h5 Kd6 54. h6 Rc8 55. Kf4 Ke6 56. Rh5 Rc4+ 57. Kf3 Rc8 58. h7 Rh8 59. Kf4 b4 60.
Rh6+ Kf7 61. Kxf5 Kg7 62. Rh3 Rxh7 63. Rxh7+ Kxh7 64. Ke4 b3 65. Kd3 b2 66. Kc2
b1=Q+ 67. Kxb1 {Game drawn because neither player has mating material} 1/2-1/2

[Event "Team 45 45 League T33"]
[Site "Internet Chess Club"]
[Date "2007.06.17"]
[Round "9"]
[White "markev"]
[Black "EyeAm"]
[Result "0-1"]
[WhiteElo "1368"]
[BlackElo "1415"]
[Opening "Dutch"]
[ECO "A80"]
[Time "14:01:38"]
[TimeControl "2700+45"]

1. d4 f5 2. e3 Nf6 3. Bd3 e6 4. Nd2 b6 5. f4 Bb7 6. Ngf3 Be7 7. O-O O-O 8. h3
Qe8 9. c3 Nc6 10. Ne5 Nxe5 11. fxe5 Qg6 12. Nf3 Nd5 13. Bd2 c5 14. Qe1 Qh5 15.
c4 Nc7 16. Be2 Qg6 17. b3 Be4 18. d5 exd5 19. cxd5 Nxd5 20. Bc4 Kh8 21. Bb5 Rad8
22. Rc1 Nc7 23. Be2 Ne6 24. Rc3 Ng5 25. Nh4 Nxh3+ 26. Kh2 Bxh4 {White resigns}
0-1

[Event "Team 45 45 League T33"]
[Site "Internet Chess Club"]
[Date "2007.06.15"]
[Round "9"]
[White "IconoJett"]
[Black "WzeroMN"]
[Result "1-0"]
[WhiteElo "1186"]
[BlackElo "1177"]
[Opening "French: Winawer, Alekhine gambit"]
[ECO "C15"]
[Time "18:12:58"]
[TimeControl "2700+45"]

1. e4 e6 2. d4 d5 3. Nc3 Bb4 4. Ne2 dxe4 5. a3 Bxc3+ 6. Nxc3 f5 7. Qh5+ g6 8.
Qh3 Qxd4 9. Qg3 Nc6 10. Nb5 Qe5 11. Qxe5 Nxe5 12. Nxc7+ Ke7 13. Nxa8 Nf6 14. Bf4
Kd6 15. Rd1+ Kc6 {Black resigns} 1-0